 Dungeon Crawl Stone Soup version 0.21.0-26-g889b8f6872 (webtiles) character file.

840 GuyWithAPlan the Demonic Child (level 7, -1/41 HPs)
             Began as a Demonspawn Necromancer on Jan 27, 2018.
             Was a Follower of Hepliaklqana.
             Shot with an arrow by a centaur (10 damage)
             ... on level 6 of the Dungeon.
             The game lasted 00:22:59 (6926 turns).

GuyWithAPlan the Demonic Child (DsNe)               Turns: 6926, Time: 00:23:01

Health: -1/41      AC:  4    Str:  8    XL:     7   Next: 67%
Magic:  0/12       EV: 10    Int: 18    God:    Hepliaklqana [*.....]
Gold:   329        SH:  0    Dex: 14    Spells: 6/10 levels left

rFire    + . .     SeeInvis .   A - +1 scythe (venom)
rCold    . . .     Gourm    .   (shield currently unavailable)
rNeg     . . .     Faith    .   a - +0 robe
rPois    +         Spirit   +   (helmet restricted)
rElec    .         Reflect  .   (no cloak)
rCorr    .         Harm     .   (no gloves)
MR       .....                  r - +1 pair of boots
Stlth    ++........             o - amulet of guardian spirit
HPRegen  1.13/turn              d - ring of poison resistance
MPRegen  0.13/turn              x - -2 ring of evasion

@: regenerating
A: reduced essence, antennae 1, claws 1, fire resistance 1, spiny 1
a: Recall Ancestor, Ancestor Identity, Renounce Religion


You were on level 6 of the Dungeon.
You worshipped Hepliaklqana.
Hepliaklqana was aware of your devotion.
You were hungry.

You visited 2 branches of the dungeon, and saw 8 of its levels.

You collected 329 gold pieces.

Inventory:

Hand Weapons
 f - a -1 whip
 k - a +1 hand axe of freezing
 n - a +1 dagger of protection
 w - a -1 short sword
 y - a +2 dagger of protection
 z - a +1 dagger of electrocution
 A - a +1 scythe of venom (weapon)
Armour
 a - a +0 robe (worn)
 r - a +1 pair of boots (worn)
Jewellery
 d - a ring of poison resistance (left claw)
 o - an amulet of guardian spirit (around neck)
 x - a -2 ring of evasion (right claw)
Scrolls
 e - 4 scrolls of magic mapping
 g - 2 scrolls of identify
 h - a scroll of acquirement {unknown}
 i - 2 scrolls of noise
 j - 4 scrolls of teleportation
 m - 3 scrolls of enchant weapon
 q - a scroll of blinking
 u - a scroll of fog
 v - 2 scrolls of amnesia
Potions
 l - 5 potions of curing
 p - a potion of heal wounds
 s - 2 potions of haste
 t - a potion of mutation
Books
 b - a book of Necromancy

   Spells                             Type                      Level
   a - Pain                           Necromancy                   1
   b - Animate Skeleton               Necromancy                   1
   c - Vampiric Draining              Necromancy                   3
   d - Regeneration                   Charms/Necromancy            3
   e - Animate Dead                   Necromancy                   4
   f - Borgnjor's Vile Clutch         Necromancy/Earth             5
Comestibles
 c - 7 rations


   Skills:
 - Level 1.7 Dodging
 - Level 1.7 Stealth
 - Level 2.0 Spellcasting
 - Level 5.0 Charms
 - Level 6.1 Necromancy
 * Level 6.6 Invocations


You had 6 spell levels left.
You knew the following spells:

 Your Spells              Type           Power        Failure   Level  Hunger
a - Pain                  Necr           ###.         1%          1    #......
b - Regeneration          Chrm/Necr      ###.......   5%          3    ###....


Dungeon Overview and Level Annotations

Branches:
Dungeon (7/15)             Temple (1/1) D:4

Altars:
Dithmenos
Elyvilon
Fedhas
Gozag
Hepliaklqana
Makhleb
Nemelex Xobeh
Okawaru
Qazlal
Sif Muna
Trog
Uskayaw
Yredelemnul
Zin

Annotations:
D:4 Vulpy's ghost, amateur HOMo
D:7 exclusion: centaur


Innate Abilities, Weirdness & Mutations

You have a pair of small antennae on your head.
You have sharp fingernails.
Your flesh is heat resistant. (rF+)
You are partially covered in sharp spines.
Your life essence is reduced to manifest your ancestor. (-10% HP)


Message History

Confirm with . or Enter, or press ? or * to list all spells.
Your skin crawls.
The centaur shoots an arrow.
The arrow hits you!
Attack whom?
Press: ? - help, Dir - move target cursor, f - centaur
Aim: a centaur, wielding a shortbow You reach to attack!
You hit the centaur.
The centaur is poisoned.
The centaur is moderately wounded.
The centaur shoots an arrow.
The arrow misses you.
The centaur shoots an arrow.
The arrow hits you!
Attack whom?
Press: ? - help, Dir - move target cursor, f/p - centaur
Aim: a centaur, wielding a shortbow (moderately wounded, poisoned)
You reach to attack!
You closely miss the centaur.
The centaur is moderately wounded.
You are feeling hungry.
The centaur shoots an arrow.
The arrow hits you!
* * * LOW HITPOINT WARNING * * *
The centaur shoots an arrow.
The arrow hits you!
You die...

#..###### #......_#
##..######
#..##§§§§§ ##.###
§§§§
##############....#
§§§
..c...c.(.........#
§§
#######(..........##
# #@.......(...#
#.(.........##
####........#
#.###....###### #.#
#######.... ### #.#
#.### ..###.#
#####.#
#.#...#####...#.#
#.#.####......#.#


You could see a centaur.

Vanquished Creatures
  Sigmund (D:6)
  A howler monkey (D:4)
  2 crimson imps
  2 orc priests
  A quasit (D:6)
  3 orc wizards
  2 iguanas
  2 worker ants
  2 hound skeletons
  A howler monkey zombie (D:6)
  5 adders
  An ooze (D:1)
  3 worms
  A dart slug (D:5)
  5 leopard geckos
  13 orcs
  13 bats
  4 giant cockroaches
  A gnoll zombie (D:5)
  6 goblins
  8 hobgoblins
  3 jackals
  2 quokkas
  7 frilled lizards
  4 kobolds
  A leopard gecko skeleton (D:5)
  14 rats
108 creatures vanquished.

Vanquished Creatures (collateral kills)
  A crimson imp (D:5)
  An orc priest (D:5)
  An orc wizard (D:5)
  A worm (D:5)
  An orc (D:5)
  A giant cockroach (D:5)
  3 jackals (D:5)
  A ball python zombie (D:5)
  A gnoll zombie (D:5)
11 creatures vanquished.

Vanquished Creatures (others)
  3 ancestors
3 creatures vanquished.

Grand Total: 122 creatures vanquished

Notes
Turn   | Place    | Note
-------+----------+-------------------------------------------
     0 | D:1      | GuyWithAPlan the Demonspawn Necromancer began the quest for the Orb.
     0 | D:1      | Reached XP level 1. HP: 13/13 MP: 3/3
   573 | D:1      | Gained mutation: You have a pair of small antennae on your head. [demonic ancestry]
   573 | D:1      | Reached XP level 2. HP: 10/19 MP: 0/5
   806 | D:1      | Reached skill level 5 in Necromancy
  1660 | D:2      | Reached XP level 3. HP: 21/24 MP: 2/6
  2041 | D:2      | Learned a level 3 spell: Regeneration
  2325 | D:2      | Gained mutation: Your flesh is heat resistant. (rF+) [demonic ancestry]
  2325 | D:2      | Reached XP level 4. HP: 30/30 MP: 4/7
  2592 | D:3      | Reached skill level 1 in Charms
  3045 | D:4      | Noticed Vulpy's ghost (amateur HOMo)
  3064 | D:3      | Gained mutation: You have sharp fingernails. [demonic ancestry]
  3064 | D:3      | Reached XP level 5. HP: 33/35 MP: 8/8
  3618 | D:5      | Entered Level 5 of the Dungeon
  4290 | D:4      | Found a staircase to the Ecumenical Temple.
  4299 | Temple   | Entered the Ecumenical Temple
  4335 | Temple   | Became a worshipper of Hepliaklqana the Forgotten
  4561 | D:5      | Reached skill level 1 in Invocations
  4561 | D:5      | Reached XP level 6. HP: 19/36 MP: 3/9
  4851 | D:5      | Found a sparkling altar of Nemelex Xobeh.
  5390 | D:5      | Found a basalt altar of Yredelemnul.
  5414 | D:5      | Found a burning altar of Makhleb.
  5551 | D:5      | You fall through a shaft for 2 floors!
  5874 | D:7      | Found a blossoming altar of Fedhas.
  5887 | D:7      | Reached * piety under Hepliaklqana
  5949 | D:6      | Gained mutation: You are partially covered in sharp spines. [demonic ancestry]
  5949 | D:6      | Reached XP level 7. HP: 38/41 MP: 8/10
  6050 | D:7      | Reached skill level 5 in Invocations
  6354 | D:6      | Noticed Sigmund
  6443 | D:6      | Killed Sigmund
  6443 | D:6      | Reached skill level 5 in Charms
  6909 | D:6      | Found a stormy altar of Qazlal.
  6926 | D:6      | Shot with an arrow by a centaur

Skill      XL: |  1  2  3  4  5  6  7 |
---------------+----------------------+-----
Necromancy     | 5 6 |  6.1
Charms         | 2 3 4 5 |  5.0
Invocations    | 1 4 6 |  6.6
Dodging        | |  1.7
Stealth        | |  1.7
Spellcasting   | |  2.0

Action                   |  1- 3 |  4- 6 |  7- 9 || total
-------------------------+-------+-------+-------++-------
Melee: Whip              |     8 |       |       ||     8
       Hand axe          |       |    75 |       ||    75
       Dagger            |       |    65 |    33 ||    98
       Short sword       |       |    57 |       ||    57
       Scythe            |       |       |     9 ||     9
 Cast: Pain              |    86 |    88 |     8 ||   182
       Regeneration      |       |    11 |     3 ||    14
Invok: Ancestor Identity |       |     1 |       ||     1
  Use: Scroll            |     2 |    12 |       ||    14
       Potion            |       |       |     1 ||     1
 Stab: Sleeping          |       |     5 |     1 ||     6
  Eat: Chunk             |     6 |    11 |     3 ||    20
       Ration            |       |     1 |       ||     1
Armor: Robe              |    10 |    47 |    18 ||    75
Dodge: Dodged            |    25 |   157 |    30 ||   212
